Map: Dragon Scales LE

Players

papaya - Winner!

  • Race: Terran Terran
  • Spawn Location: 11:00

lthos

  • Race: Protoss Protoss
  • League: Diamond
  • Spawn Location: 5:00

VOD

Have the link to the VOD?

Description

Out of my replays this might be the one that has gotten the most attention

🐴

(and a special thanks to chrisAzerg for gifting a sub to me)

Time

  • Played on: April 14, 2023, 4:28 a.m.
  • Length: 6:55
Show
View Real Time Build Order
Export as new Build Order

papaya Terran - Winner!

Build Orders: Reaper Expand 

Get SALT Encoding   

  12  0:03  SCV  
  13  0:16  SCV, Supply Depot  
  14  0:28  SCV  
  15  0:40  SCV  
  16  0:52  SCV  
  16  0:54  Refinery  
  16  0:56  Barracks  
  17  1:04  SCV  
  18  1:15  Supply Depot  
  18  1:16  SCV  
  19  1:28  SCV  
  19  1:30  Engineering Bay  
  20  1:34  Refinery  
  20  2:24  Planetary Fortress  
  20  2:41  Command Center  
  20  2:45  Hi-Sec Auto Tracking  
  15  3:37  SCV  
  15  3:49  SCV  
  17  4:14  Planetary Fortress  
  16  4:34  Engineering Bay  
  16  4:39  SCV  
  17  4:51  SCV  
  18  4:57  SCV  
  18  5:03  Reaper  
  18  5:10  Refinery  
  18  5:19  SCV  
  18  5:31  SCV  
  18  5:34  Factory  
  18  5:36  Reaper  
  18  5:38  SCV  
  18  5:43  SCV  
  18  5:57  SCV  
  18  6:09  SCV  
  18  6:10  Reaper  
  18  6:17  Bunker  
  18  6:20  Bunker  
  18  6:21  SCV  
  18  6:33  SCV, Starport  
  18  6:47  Barracks Tech Lab  
  18  6:49  Factory Tech Lab  
  18  6:54  Factory  
Show
View Real Time Build Order
Export as new Build Order

lthos Protoss 

Build Orders: Cannon Rush 

Get SALT Encoding   

  12  0:01  Probe (Chrono Boost)  
  13  0:11  Probe (Chrono Boost)  
  14  0:17  Pylon  
  14  0:28  Probe  
  15  0:37  Forge  
  15  0:40  Probe  
  16  0:53  Probe  
  17  1:03  Pylon  
  17  1:22  Pylon  
  17  1:28  Photon Cannon  
  17  1:29  Photon Cannon  
  17  1:32  Photon Cannon  
  17  1:44  Photon Cannon  
  17  2:00  Pylon  
  17  2:03  Pylon  
  17  2:09  Pylon  
  17  2:19  Photon Cannon  
  17  2:20  Photon Cannon  
  17  2:23  Probe (Chrono Boost)  
  18  2:31  Photon Cannon  
  18  2:41  Photon Cannon  
  18  2:52  Photon Cannon  
  18  3:02  Pylon  
  16  3:08  Probe (Chrono Boost)  
  17  3:18  Probe (Chrono Boost)  
  18  3:46  Gateway  
  18  3:49  Photon Cannon  
  18  3:53  Probe, Gateway  
  19  3:56  Assimilator  
  19  4:04  Gateway  
  19  4:06  Probe  
  20  4:10  Photon Cannon  
  20  4:16  Photon Cannon  
  20  4:18  Probe  
  20  4:23  Photon Cannon  
  21  4:46  Pylon  
Tags
 
Add a new tag
Caveats
  • Supply blocks, unpowered buildings, or Contaminate may cause inaccurate times.
  • Supply counts are checked every 10 seconds.